 Dungeon Crawl Stone Soup version 0.19-a0-147-g6f47703 (webtiles) character file.

333750 Kilingo the Deadly Accurate (level 20, -7/163 HPs)
             Began as a Minotaur Berserker on Apr 26, 2016.
             Was the Champion of Trog.
             Mangled by the Royal Jelly (19 damage)
             ... on level 6 of the Pits of Slime on May 18, 2016.
             The game lasted 17:23:42 (65816 turns).

Kilingo the Deadly Accurate (Minotaur Berserker)   Turns: 65816, Time: 17:23:43

Health: -7/163     AC: 13    Str: 34    XL:     20   Next: 92%
Magic:  1/9        EV: 26    Int:  6    God:    Trog [******]
Gold:   2404       SH:  0    Dex: 23    Spells: 0 memorised, 19 levels left

rFire  . . .     SeeInvis .     K - +8 quarterstaff (antimagic)
rCold  + + .     Gourm    .     v - +9 plate armour of Odesoask {rC+}
rNeg   + . .     Faith    .     (shield currently unavailable)
rPois  .         Spirit   .     (helmet unavailable)
rElec  +         Dismiss  .     e - +2 cloak
rCorr  +         Reflect  .     L - +0 pair of gloves of Intercession {Dex+6}
SustAt .         Harm     .     D - +1 pair of boots of Elicegh {Dex+3}
MR     +++..     Clarity  +     V - amulet "Rutosu" {rC+ Regen+ Str+2}
Stlth  .......... Rnd*Tele +    z - ring of the Crown {*Contam rN+ EV+3 Int+4}
                                n - ring of resist corrosion

@: exhausted, corroded, regenerating, slowed, very slow, extremely resistant to
hostile enchantments, extremely unstealthy
A: retaliatory headbutt, beak, horns 3, talons 1, rough black scales 1, thin
skeletal structure 1, berserk 1, clarity, deformed body, frail 1, low mp 1,
electricity resistance, strong 1, teleportitis 1, evolution 1, no device heal 1,
MP-powered wands
a: Berserk, Trog's Hand, Brothers in Arms, Burn Spellbooks, Renounce Religion
}: 2/15 runes: decaying, gossamer


You were on level 6 of the Pits of Slime.
You worshipped Trog.
Trog was exalted by your worship.
You were not hungry.

You visited 7 branches of the dungeon, and saw 42 of its levels.
You also visited: Labyrinth and Ice Cave.

You collected 3768 gold pieces.
You spent 1057 gold pieces at shops.

Inventory:

Hand Weapons
 g - the +1 mace of Variability {chaos}
   (You found it on level 1 of the Swamp)

   Each time it hits an enemy it has a different, random effect.
 B - the +4 great mace of Hackaech {freeze, rN++ Dex+3}
   (Trog gifted it to you on level 11 of the Dungeon)

   It has been specially enchanted to freeze those struck by it, causing extra
   injury to most foes and up to half again as much damage against particularly
   susceptible opponents.
   It can also slow down cold-blooded creatures.
   It affects your dexterity (+3).
   It greatly protects you from negative energy.
 K - a +8 antimagic quarterstaff (weapon)
 O - the +1 quarterstaff of Demand {flame, +Blink}
   (Trog gifted it to you on level 14 of the Dungeon)

   It has been specially enchanted to burn those struck by it, causing extra
   injury to most foes and up to half again as much damage against particularly
   susceptible opponents.
   It lets you blink.
Missiles
 d - 4 javelins of returning
 o - 2 steel javelins
 M - a tomahawk (quivered)
 U - 2 javelins of penetration
Armour
 e - a +2 cloak (worn)
 v - the +9 plate armour of Odesoask (worn) {rC+}
   (You found it on level 14 of the Dungeon)

   It protects you from cold.
 D - the +1 pair of boots of Elicegh (worn) {Dex+3}
   (You bought it in a shop on level 2 of the Orcish Mines)

   It affects your dexterity (+3).
 L - the +0 pair of gloves of Intercession (worn) {Dex+6}
   (You found it on level 8 of the Lair of Beasts)

   It affects your dexterity (+6).
Rods
 H - a +2 lightning rod (11/11)
   (You found it in a labyrinth)
Jewellery
 n - a ring of resist corrosion (left hand)
 x - the ring "Uppireall" {rF- rN+ Str+4 SInv}
   (You bought it in a shop on level 4 of the Dungeon)

   [ring of strength]

   It affects your strength (+4).
   It makes you vulnerable to fire.
   It protects you from negative energy.
   It lets you see invisible.
 z - the ring of the Crown (right hand) {*Contam rN+ EV+3 Int+4}
   (You found it on level 6 of the Dungeon)

   [ring of evasion]

   It affects your evasion (+3).
   It affects your intelligence (+4).
   It protects you from negative energy.
   It causes magical contamination when unequipped.
 V - the amulet "Rutosu" (around neck) {rC+ Regen+ Str+2}
   (You found it on level 3 of the Elven Halls)

   [amulet of regeneration]

   It affects your strength (+2).
   It protects you from cold.
   It increases your rate of regeneration.
Wands
 m - a wand of confusion (8/48)
 s - a wand of heal wounds (1/9)
 w - a wand of flame (8/48)
 N - a wand of digging (5/24)
 R - a wand of enslavement (8/24)
Scrolls
 b - 10 scrolls of teleportation
 h - 3 scrolls of summoning
 j - a scroll of identify
 k - 2 scrolls of torment {unknown}
 l - a scroll of holy word {unknown}
 p - 2 scrolls of acquirement
 q - a scroll of magic mapping
 u - a scroll of fear {unknown}
 y - a scroll of blinking
 I - a scroll of vulnerability {unknown}
 T - a scroll of immolation
Potions
 f - 3 potions of agility
 i - 4 potions of curing
 r - 3 potions of heal wounds
 t - 12 potions of ambrosia
 A - a potion of might
 E - 6 potions of lignification
 G - 4 potions of haste
 W - a potion of cancellation
 X - 2 potions of resistance
Miscellaneous
 a - a sack of spiders
 C - a phial of floods
 S - a plain deck of defence {drawn: 2}
 Y - a stone of tremors
Comestibles
 c - 4 bread rations
 F - 3 royal jellies
 P - 3 slices of pizza
 Q - 4 meat rations
 Z - 2 beef jerkies


   Skills:
 - Level 16.4 Fighting
 - Level 14.0(16.2) Maces & Flails
 - Level 14.2(16.3) Staves
 + Level 16.9 Throwing
 - Level 16.2 Armour
 - Level 16.2 Dodging
 - Level 0.5 Stealth
   Level 5.0 Shields
 - Level 16.0 Evocations


You had 19 spell levels left.
You didn't know any spells.

Dungeon Overview and Level Annotations

Branches:
Dungeon (15/15)            Temple (0/1) D:6            Lair (8/8) D:10
  Swamp (4/4) Lair:4       Spider (4/4) Lair:3        Slime (6/6) Lair:8
    Orc (2/2) D:9             Elf (3/3) Orc:2        Vaults (0/5) D:14
 Depths (0/5) D:15

Altars:
Cheibriados
Dithmenos
Elyvilon
Gozag
Makhleb
Nemelex Xobeh
Okawaru
Vehumet
Xom
Yredelemnul
Beogh

Shops:
D:4 *   D:6 *   D:13 *(   Orc:2 *[(*

Annotations:
Slime:6 Royal Jelly


Innate Abilities, Weirdness & Mutations

You reflexively headbutt those who attack you in melee.
You have a pair of large horns on your head.
You have a beak for a mouth.
You have sharp toenails.
You are partially covered in rough black scales (AC +4, Dex -1).
You have a somewhat thin skeletal structure (Dex +2, Stealth).
You tend to lose your temper in combat.
You possess an exceptional clarity of mind.
Armour fits poorly on your strangely shaped body.
You are frail (-10% HP).
Your magical capacity is low (-10% MP).
You are resistant to electric shocks.
Your muscles are strong. (Str +2)
You are occasionally teleported next to monsters.
You evolve.
Potions and wands are less effective at restoring your health.
You expend magic power (3 MP) to strengthen your wands.


Message History

You bludgeon the death ooze!!
You headbutt the death ooze, but do no damage.
Your peck misses the death ooze.
The death ooze is almost destroyed.
The Royal Jelly hits you!
* * * LOW HITPOINT WARNING * * *
You are splashed with acid!
The acid corrodes you!
The acid burns!
You resist.
* * * LOW HITPOINT WARNING * * *
The Royal Jelly completely misses you.
You bludgeon the death ooze!!
You feel the power of Trog in you as your rage grows.
You destroy the death ooze!
That felt strangely unrewarding.
You feel a strong urge to attack something.
You are no longer berserk.
Trog's vigour flows through your veins.
You are exhausted.
You feel yourself slow down. The Royal Jelly hits you!!
You die...

#.....................#
.....................##
...................###
..................##
..................#
.................##
..................#
..................#######
................@JJ.#..J#
.................##.JJ#..G.....
..................########..###
.................## ##
..................
##...............## ##
#................ #.
#..................# .##
#.#.................### ..# ##


You could see the Royal Jelly, a large slime creature, a slime creature and a
death ooze.

Vanquished Creatures
  A bone dragon (Swamp:4)
  A tentacled monstrosity (Swamp:4)
  A deep elf blademaster (Elf:3)
  2 deep elf master archers (Elf:3)
  24 acid blobs
  A thorn hunter (Swamp:4)
  Roxanne (Spider:1)
  10 azure jellies
  6 deep elf sorcerers (Elf:3)
  7 ghost moths
  An orc warlord (Orc:2)
  4 emperor scorpions
  7 deep elf elementalists
  Nessos (Orc:2)
  5 deep elf annihilators (Elf:3)
  5 deep elf demonologists (Elf:3)
  Azrael (Orc:2)
  2 spark wasps
  7 deep elf death magi
  Josephine (Orc:2)
  2 blizzard demons (IceCv)
  A death ooze (Slime:6)
  A minotaur (Lab)
  2 deep elf high priests (Elf:3)
  7 great orbs of eyes
  A rakshasa (D:15)
  A catoblepas (Lair:8)
  A hell beast (D:12)
  A centaur warrior (D:13)
  2 ghost crabs
  14 hydras
  An anaconda (Swamp:3)
  13 alligators
  A deep troll shaman (Lair:8)
  24 dancing weapons
  2 tengu warriors (D:14)
  An orc high priest (Orc:2)
  10 death yaks
  21 deep elf knights
  A small abomination (Elf:3)
  A fire crab (Lair:8)
  A spriggan druid (Swamp:4)
  3 unseen horrors
  5 hill giants
  A death drake (Swamp:4)
  4 giant orange brains
  10 swamp dragons
  A shambling mangrove (Swamp:3)
  3 spectral hydras (Swamp:4)
  2 orc knights (Orc:2)
  A lindwurm (Lair:5)
  20 deep elf archers
  34 wolf spiders
  6 wolf spider zombies (Spider:2)
  12 orb spiders
  17 ugly things
  63 deep elf magi
  5 necromancers
  2 wolf spiders (shapeshifter)
  5 shining eyes
  4 griffons
  2 phantasmal warriors (Swamp:4)
  A cyclops (Orc:1)
  2 manticores
  9 hornets
  An orc sorcerer (Orc:2)
  6 black mambas
  7 elephants
  Maurice (D:13)
  3 torpor snails
  2 ice statues (IceCv)
  Psyche (D:12)
  A rust devil (D:12)
  17 spiny frogs
  2 eyes of devastation
  3 centaur skeletons
  3 gargoyles
  An orange demon (D:12)
  3 kobold demonologists (D:13)
  3 rime drakes
  A rime drake (shapeshifter) (Elf:3)
  5 komodo dragons
  11 demonic crawlers
  12 redback zombies
  A yaktaur (D:9)
  5 swamp worm zombies (Swamp:4)
  2 harpy zombies
  13 ice devils (IceCv)
  7 trolls
  4 hydra zombies (Swamp:4)
  8 giant leeches
  2 polar bears (Lair:8)
  24 jumping spiders
  13 bog bodies
  143 slime creatures
  A two-headed ogre (shapeshifter) (D:14)
  17 blink frogs
  2 two-headed ogres
  3 large abominations
  4 alligator zombies (Swamp:4)
  8 tarantella zombies (Spider:2)
  A boulder beetle (Spider:2)
  3 spectral swamp dragons (Swamp:4)
  2 water elementals
  4 air elementals
  2 shadows
  A spriggan (shapeshifter) (D:15)
  4 wraiths
  42 yaks
  52 redbacks
  The ghost of barb4r1an the Grave Robber, an amateur TrNe (D:4)
  4 spriggans
  25 tarantellas
  A vampire (D:10)
  A wyvern (Lair:8)
  A basilisk (Lair:6)
  3 fire elementals
  13 golden eyes
  23 vampire mosquitoes
  13 hippogriffs
  5 mottled dragons
  20 swamp worms
  14 insubstantial wisps
  5 wargs
  Edmund (D:4)
  3 hell hounds (Orc:2)
  16 water moccasins
  17 porcupines
  A giant eyeball (Slime:5)
  4 ice beasts
  6 swamp drakes
  3 swamp dragon zombies (Swamp:4)
  39 orc warriors
  An ice beast (shapeshifter) (D:15)
  12 wasps
  An eye of draining (shapeshifter) (D:15)
  7 eyes of draining
  2 black bears
  3 necrophages
  11 phantoms
  5 sky beasts
  13 ogres
  15 centaurs
  13 wolves
  11 crocodiles
  4 big kobolds
  5 elf zombies (Elf:1)
  24 giant frogs
  3 earth elementals
  A wyvern zombie (D:7)
  A scorpion (D:6)
  A water moccasin skeleton (D:9)
  11 killer bees
  3 wights (D:12)
  3 electric eels
  2 howler monkeys
  8 crimson imps
  A quasit (D:7)
  A wasp zombie (D:8)
  2 giant frog skeletons
  A giant frog zombie (D:9)
  25 orc priests
  46 jellies
  10 hounds
  26 orc wizards
  5 iguanas
  7 iron imps (D:12)
  A spectral swamp drake (Swamp:4)
  10 worker ants
  12 sheep
  A worker ant zombie (D:6)
  A gnoll (D:4)
  A howler monkey zombie (D:7)
  A swamp drake zombie (Swamp:4)
  19 adders
  30 river rats
  3 shadow imps
  7 white imps (IceCv)
  5 ufetubi (IceCv)
  3 oozes
  6 adder skeletons
  2 dart slugs
  7 giant geckos
  112 orcs
  9 bats
  9 giant cockroaches
  6 goblins
  4 hobgoblins
  7 jackals
  6 quokkas
  A ball python (D:3)
  5 giant newts
  A jackal skeleton (D:8)
  A jackal zombie (D:7)
  13 kobolds
  A quokka skeleton (D:4)
  6 rats
  A briar patch (Swamp:4)
  8 plants
1662 creatures vanquished.

Vanquished Creatures (collateral kills)
  A greater naga (Lair:5)
  An acid blob (Slime:5)
  Maud (Lair:6)
  A deep elf elementalist (Elf:3)
  A deep elf death mage (Elf:3)
  3 hydras
  2 hill giants (D:10)
  Pikel (D:4)
  A griffon (Lair:6)
  3 elephants
  2 black mambas
  3 spiny frogs
  4 komodo dragons
  A troll (D:9)
  A giant leech (Lair:4)
  A slime creature (Slime:5)
  11 blink frogs
  3 redbacks (Lair:3)
  4 yaks
  A golden eye (Slime:3)
  2 basilisks
  A steam dragon (D:9)
  2 hippogriffs
  2 water moccasins
  4 porcupines
  A swamp drake (Lair:6)
  2 orc warriors (D:9)
  2 ogres
  A sky beast (D:7)
  5 wolves
  5 crocodiles
  The ghost of Fartwhistle the Insei, an amateur KoMo (D:3)
  A big kobold (D:8)
  4 giant frogs
  A wyvern zombie (D:4)
  A scorpion (D:5)
  4 killer bees (D:8)
  A crimson imp (D:8)
  2 hounds (D:7)
  A centaur zombie (D:6)
  10 orc wizards
  9 orc priests
  A jelly (Slime:5)
  3 iguanas
  A worker ant (D:9)
  5 sheep
  3 adders
  2 gnolls (D:4)
  19 river rats
  An ooze (Lair:8)
  A worm (D:3)
  A giant gecko (D:6)
  10 orcs
  A giant cockroach (D:5)
  A quokka (D:5)
  A quokka zombie (D:7)
  7 fungi
  8 plants
173 creatures vanquished.

Vanquished Creatures (others)
  A deep elf demonologist (Elf:3)
  An alligator (Swamp:4)
  A slime creature (Swamp:2)
  A spriggan druid (Swamp:4)
  2 deep elf magi (Elf:2)
  An ogre (Orc:2)
  A big kobold (Spider:4)
  A white imp (IceCv)
  4 ufetubi (IceCv)
  An ooze (D:4)
  A dart slug (D:4)
  A quokka (D:5)
  A spectral orc (D:4)
  9 fungi
  3 plants
29 creatures vanquished.

Grand Total: 1864 creatures vanquished

Notes
Turn   | Place    | Note
--------------------------------------------------------------
     0 | D:1      | Kilingo the Minotaur Berserker began the quest for the Orb.
     0 | D:1      | Reached XP level 1. HP: 19/19 MP: 0/0
   309 | D:1      | Reached XP level 2. HP: 26/26 MP: 1/1
   887 | D:2      | Reached ** piety under Trog
  1177 | D:2      | Found an iron altar of Okawaru.
  1384 | D:3      | Reached XP level 3. HP: 31/31 MP: 2/2
  1496 | D:3      | Found an opulent altar of Gozag.
  1539 | D:3      | Noticed Fartwhistle's ghost (amateur KoMo)
  1573 | D:3      | Found a sparkling altar of Nemelex Xobeh.
  1690 | D:3      | Reached XP level 4. HP: 22/39 MP: 3/3
  1742 | D:3      | Reached skill level 1 in Evocations
  1859 | D:3      | Hired Vedgh the naga for 170 gold.
  1870 | D:3      | Killed Fartwhistle's ghost
  2122 | D:3      | Reached XP level 5. HP: 34/45 MP: 5/5
  2603 | D:3      | Found a shimmering altar of Xom.
  2803 | D:3      | Reached *** piety under Trog
  2973 | D:4      | Noticed barb4r1an's ghost (amateur TrNe)
  2982 | D:4      | Killed barb4r1an's ghost
  2982 | D:4      | Reached skill level 5 in Armour
  2982 | D:4      | Reached XP level 6. HP: 49/51 MP: 7/7
  3069 | D:4      | Found a snail-covered altar of Cheibriados.
  3141 | D:4      | Noticed a slave
  3145 | D:4      | Reached skill level 1 in Throwing
  3158 | D:4      | Noticed a slave
  3159 | D:4      | Noticed Pikel
  3162 | D:4      | Killed Pikel
  3162 | D:4      | Reached XP level 7. HP: 52/57 MP: 8/8
  3250 | D:4      | Found Zoycs's Assorted Antiques.
  3350 | D:4      | Found a basalt altar of Yredelemnul.
  3610 | D:4      | Noticed Edmund
  3617 | D:4      | Killed Edmund
  3617 | D:4      | Reached skill level 5 in Maces & Flails
  3676 | D:5      | Entered Level 5 of the Dungeon
  3758 | D:5      | Reached XP level 8. HP: 56/67 MP: 10/10
  3804 | D:5      | Gained mutation: You evolve. [helix card]
  3807 | D:5      | Reached skill level 5 in Dodging
  3869 | D:5      | Found a shadowy altar of Dithmenos.
  3964 | D:4      | Bought a vibrating copper ring for 115 gold pieces
  3964 | D:4      | Identified the ring "Uppireall" {rF- rN+ Str+4 SInv} (You bought it in a shop on level 4 of the Dungeon)
  4572 | D:5      | Found a white marble altar of Elyvilon.
  4587 | D:5      | Reached **** piety under Trog
  4853 | D:6      | Got a steaming glass ring
  4855 | D:6      | Identified the ring of the Crown {*Contam rN+ EV+3 Int+4} (You found it on level 6 of the Dungeon)
  4872 | D:6      | Reached skill level 5 in Evocations
  5536 | D:6      | Reached skill level 5 in Throwing
  5620 | D:6      | Reached skill level 5 in Fighting
  5721 | D:6      | Found Vuuleg's General Store.
  5891 | D:6      | Reached XP level 9. HP: 64/74 MP: 11/11
  6051 | D:6      | Found a staircase to the Ecumenical Temple.
  6374 | D:4      | Bought a gold wand for 92 gold pieces
  6741 | D:7      | Got a twisted buckler
  6747 | D:7      | Identified the cursed +0 buckler of Polytheism {Int+5} (You found it on level 7 of the Dungeon)
  6759 | D:7      | Reached skill level 1 in Shields
  6844 | D:7      | Gained mutation: Your muscles are strong. (Str +2) [evolution]
  7051 | D:7      | You fall through a shaft for 2 floors!
  7355 | D:8      | Found a radiant altar of Vehumet.
  7419 | D:8      | Received a gift from Trog
  8095 | D:8      | Gained mutation: You possess an exceptional clarity of mind. [evolution]
  8208 | D:8      | Noticed a three-headed hydra
  8214 | D:8      | Killed a three-headed hydra
  8214 | D:8      | Reached XP level 10. HP: 83/83 MP: 13/13
  8404 | D:8      | Noticed a five-headed hydra
  8410 | D:8      | Killed a five-headed hydra
  8827 | D:9      | Gained mutation: You are partially covered in rough black scales (AC +4, Dex -1). [evolution]
  9511 | D:9      | Reached ***** piety under Trog
  9615 | D:9      | Found a staircase to the Orcish Mines.
  9838 | D:10     | Entered Level 10 of the Dungeon
  9867 | D:10     | Found a staircase to the Lair.
  9867 | D:10     | Noticed an elephant
  9868 | D:10     | Noticed a death yak
  9881 | D:10     | Killed an elephant
  9885 | D:10     | Killed a death yak
 10096 | D:10     | Noticed a hill giant
 10104 | D:10     | Killed a hill giant
 10270 | D:10     | Reached XP level 11. HP: 91/94 MP: 15/15
 10305 | D:10     | Noticed a hill giant
 10311 | D:10     | Killed a hill giant
 10508 | D:4      | Bought 3 scrolls of identify for 138 gold pieces
 10667 | D:6      | Gained mutation: You have sharp toenails. [evolution]
 11210 | Lair:1   | Entered Level 1 of the Lair of Beasts
 11784 | Lair:1   | Noticed a four-headed hydra
 11792 | Lair:1   | Killed a five-headed hydra
 11996 | Lair:1   | Received a gift from Trog
 12455 | Lair:1   | Got a shimmering ring mail
 12466 | Lair:1   | Identified the +5 ring mail of Luma Cau {rElec Str-3 Dex+7} (You found it on level 1 of the Lair of Beasts)
 12927 | Lair:2   | Noticed a seven-headed hydra
 12934 | Lair:2   | Killed an eight-headed hydra
 13306 | Lair:2   | Received a gift from Trog
 13362 | Lair:2   | Gained mutation: You have a somewhat thin skeletal structure (Dex +2, Stealth). [evolution]
 13362 | Lair:2   | Lost mutation: You evolve. [end of evolution]
 14092 | Lair:2   | Reached XP level 12. HP: 104/104 MP: 17/17
 14094 | Lair:2   | Reached skill level 5 in Shields
 14886 | Lair:3   | Noticed a four-headed hydra
 14895 | Lair:3   | Killed a four-headed hydra
 14901 | Lair:3   | Found a hole to the Spider Nest.
 15918 | Lair:3   | Noticed a five-headed hydra
 15925 | Lair:3   | Killed a five-headed hydra
 15925 | Lair:3   | Reached skill level 10 in Throwing
 16054 | Lair:4   | Received a gift from Trog
 16167 | Lair:4   | Reached skill level 10 in Fighting
 16290 | Lair:4   | Found a staircase to the Swamp.
 16909 | Lair:5   | Reached skill level 10 in Dodging
 17020 | Lair:5   | Reached skill level 10 in Armour
 17093 | Lair:5   | Found a labyrinth entrance.
 17109 | Lab      | Entered a labyrinth
 17655 | Lab      | Noticed a minotaur
 17658 | Lab      | Gained mutation: You have a pair of large horns on your head. [helix card]
 17665 | Lab      | Killed a minotaur
 18019 | Lair:5   | Reached XP level 13. HP: 113/113 MP: 19/19
 18049 | Lair:5   | Received a gift from Trog
 18349 | Lair:5   | Reached skill level 10 in Evocations
 18757 | Lair:6   | Noticed Maud
 18757 | Lair:6   | Reached skill level 10 in Maces & Flails
 18766 | Lair:6   | Killed Maud
 20208 | Lair:7   | Received a gift from Trog
 20963 | Lair:7   | Received a gift from Trog
 21613 | Lair:8   | Entered Level 8 of the Lair of Beasts
 21898 | Lair:8   | Found a staircase to the Slime Pits.
 22555 | Lair:5   | Received a gift from Trog
 22733 | Lair:5   | Killed Vedgh the greater naga
 22939 | Lair:7   | Drew Focus: Str increased to 25, Int decreased to 3
 23245 | Lair:8   | Reached XP level 14. HP: 124/124 MP: 21/21
 23488 | Lair:8   | Got a pair of spiked gloves
 23494 | Lair:8   | Identified the cursed +0 pair of gloves of Intercession {Dex+6} (You found it on level 8 of the Lair of Beasts)
 24256 | Orc:1    | Entered Level 1 of the Orcish Mines
 24632 | Orc:1    | Got a heavily runed buckler
 24639 | Orc:1    | Identified the +0 buckler of Card Tricks {Dex+5 Slay+3} (You took it off a deep elf mage on level 1 of the Orcish Mines)
 24666 | Orc:1    | Reached skill level 5 in Staves
 24715 | Orc:1    | Received a gift from Trog
 25343 | D:6      | Upgraded the game from 0.18-a0-1805-g8ab820f to 0.19-a0
 26071 | Orc:2    | Entered Level 2 of the Orcish Mines
 26101 | Orc:2    | Found a roughly hewn altar of Beogh.
 26197 | Orc:2    | Found a staircase to the Elven Halls.
 26211 | Orc:2    | Found a roughly hewn altar of Beogh.
 26239 | Orc:2    | Found Pimyv's General Store.
 26310 | Orc:2    | Found a roughly hewn altar of Beogh.
 26315 | Orc:2    | Noticed Nessos
 26332 | Orc:2    | Killed Nessos
 26336 | Orc:2    | Found Sayrhaun's Assorted Antiques.
 26338 | Orc:2    | Received a gift from Trog
 26539 | Orc:2    | Found a roughly hewn altar of Beogh.
 26546 | Orc:2    | Received a gift from Trog
 26610 | Orc:2    | Noticed Josephine
 26675 | Orc:2    | Killed Josephine
 26741 | Orc:2    | Noticed an orc warlord
 26760 | Orc:2    | Killed an orc warlord
 26760 | Orc:2    | Reached skill level 10 in Staves
 26781 | Orc:2    | Noticed Azrael
 26796 | Orc:2    | Killed Azrael
 26820 | Orc:2    | Received a gift from Trog
 27017 | Orc:2    | Found a roughly hewn altar of Beogh.
 27121 | Orc:2    | Found Coerinti's Antique Armour Shop.
 27125 | Orc:2    | Found a roughly hewn altar of Beogh.
 27130 | Orc:2    | Found Itaz's Antique Weapon Boutique.
 28061 | Spider:1 | Entered Level 1 of the Spider Nest
 28406 | Spider:1 | Noticed Roxanne
 28825 | Spider:2 | Reached XP level 15. HP: 130/130 MP: 22/22
 29197 | Spider:2 | Received a gift from Trog
 29980 | Spider:3 | Noticed a ghost moth
 29987 | Spider:3 | Killed a ghost moth
 30865 | Spider:4 | Entered Level 4 of the Spider Nest
 30971 | Spider:4 | Reached ****** piety under Trog
 31269 | Spider:4 | Received a gift from Trog
 31408 | Spider:4 | Noticed a ghost moth
 31416 | Spider:4 | Received a gift from Trog
 31436 | Spider:4 | Hired Lasyssua the big kobold for 97 gold.
 31442 | Spider:4 | Reached XP level 16. HP: 144/144 MP: 0/24
 31469 | Spider:4 | Your ally Lasyssua died
 31582 | Spider:4 | Received a gift from Trog
 32985 | Orc:2    | Bought the +1 pair of boots of Elicegh {Dex+3} for 342 gold pieces
 33689 | Spider:4 | Got a gossamer rune of Zot
 34276 | Slime:1  | Entered Level 1 of the Pits of Slime
 34291 | Slime:1  | Drew Focus: Str increased to 28, Int decreased to 2
 34296 | Slime:1  | Noticed an acid blob
 34919 | Swamp:1  | Entered Level 1 of the Swamp
 35380 | Swamp:1  | Received a gift from Trog
 37620 | Swamp:3  | Received a gift from Trog
 37707 | Swamp:3  | Reached XP level 17. HP: 104/152 MP: 25/25
 37920 | Swamp:3  | Received a gift from Trog
 38350 | Swamp:3  | Got a dazzling chain mail
 38361 | Swamp:3  | Identified the cursed +1 chain mail "Ukheamud" {rF++ Str+2} (You found it on level 3 of the Swamp)
 38741 | Swamp:4  | Entered Level 4 of the Swamp
 38743 | Swamp:4  | Found a frozen archway.
 38850 | IceCv    | Entered an ice cave
 39419 | Swamp:4  | Received a gift from Trog
 40600 | Swamp:4  | Noticed a bone dragon
 40620 | Swamp:4  | Killed a bone dragon
 41631 | Swamp:4  | Noticed a tentacled monstrosity
 41641 | Swamp:4  | Killed a tentacled monstrosity
 41686 | Swamp:4  | Got a decaying rune of Zot
 41857 | Swamp:2  | Identified 2 scrolls of acquirement
 41858 | Swamp:2  | Upgraded the game from 0.19-a0 to 0.19-a0-14-gde87d98
 42922 | D:11     | Got a crude lajatang
 42923 | D:11     | Identified the +5 lajatang of the Nine Dances {pain, *Confuse rElec MR++ Str+2} (You found it on level 11 of the Dungeon)
 43683 | D:11     | Received a gift from Trog
 43689 | D:11     | Got a steaming great mace {god gift}
 43690 | D:11     | Identified the +4 great mace of Hackaech {freeze, rN++ Dex+3} (Trog gifted it to you on level 11 of the Dungeon)
 43928 | D:12     | Found a burning altar of Makhleb.
 44438 | D:12     | Noticed Psyche
 44452 | D:12     | Killed Psyche
 46614 | Lair:8   | Upgraded the game from 0.19-a0-14-gde87d98 to 0.19-a0-19-gf75ed07
 46840 | D:13     | Reached XP level 18. HP: 159/159 MP: 28/28
 47084 | D:13     | Found Daruam's Assorted Antiques.
 47092 | D:13     | Received a gift from Trog
 47128 | D:13     | Bought a scroll of identify for 54 gold pieces
 47556 | D:13     | Found Xiqum's Antique Weapon Boutique.
 47575 | D:13     | Noticed Maurice
 47585 | D:13     | Killed Maurice
 48001 | D:14     | Got a scorched plate armour
 48012 | D:14     | Identified the +9 plate armour of Odesoask {rC+} (You found it on level 14 of the Dungeon)
 48486 | D:14     | Reached skill level 15 in Fighting
 48701 | D:14     | Received a gift from Trog
 48713 | D:14     | Got a fine quarterstaff {god gift}
 48714 | D:14     | Identified the +1 quarterstaff of Demand {flame, +Blink} (Trog gifted it to you on level 14 of the Dungeon)
 48770 | D:14     | Got a pair of jewelled gloves
 48781 | D:14     | Identified the +0 pair of gloves "Metatoef" {MR++ SInv} (You found it on level 14 of the Dungeon)
 49245 | D:14     | Found a gate to the Vaults.
 49445 | D:14     | Upgraded the game from 0.19-a0-19-gf75ed07 to 0.19-a0-27-g415f530
 50592 | Slime:2  | Gained mutation: Your magical capacity is low (-10% MP). [a shining eye]
 50594 | Slime:2  | Gained mutation: You are frail (-10% HP). [a shining eye]
 50597 | Slime:2  | Gained mutation: You are resistant to electric shocks. [a shining eye]
 50702 | Slime:2  | Gained mutation: Armour fits poorly on your strangely shaped body. [a shining eye]
 50703 | Slime:2  | Gained mutation: Scrolls take you a little longer to read. [a shining eye]
 50708 | Slime:2  | Gained mutation: Potions and wands are less effective at restoring your health. [a shining eye]
 50798 | Slime:2  | Reached skill level 15 in Dodging
 51881 | Spider:1 | Killed Roxanne
 51881 | Spider:1 | Received a gift from Trog
 51884 | Spider:1 | Identified Roxanne's Collected Works on Changing (You took it off Roxanne on level 1 of the Spider Nest)
 52076 | Orc:2    | Bought a scroll of identify for 30 gold pieces
 52078 | Orc:2    | Gained mutation: You evolve. [potion of beneficial mutation]
 52294 | D:6      | Bought a scroll of identify for 30 gold pieces
 52399 | D:4      | Bought a scroll of identify for 46 gold pieces
 52403 | D:4      | Upgraded the game from 0.19-a0-27-g415f530 to 0.19-a0-36-g4a0968a
 52637 | D:15     | Entered Level 15 of the Dungeon
 52909 | D:15     | Received a gift from Trog
 52912 | D:15     | Reached skill level 15 in Armour
 52987 | D:15     | Found a staircase to the Depths.
 53792 | Elf:1    | Entered Level 1 of the Elven Halls
 54412 | Elf:1    | Reached XP level 19. HP: 137/153 MP: 8/26
 54542 | Elf:1    | Received a gift from Trog
 54845 | Elf:1    | Gained mutation: You have a beak for a mouth. [evolution]
 55296 | Elf:2    | Received a gift from Trog
 55455 | Elf:2    | Found a huge runed gate.
 55455 | Elf:2    | Found a huge runed gate.
 55455 | Elf:2    | Found a huge runed gate.
 55455 | Elf:2    | Found a huge runed gate.
 55456 | Elf:2    | Found a huge runed gate.
 55623 | Elf:2    | Reached skill level 15 in Throwing
 55837 | Elf:2    | Reached skill level 15 in Evocations
 56333 | Elf:3    | Entered Level 3 of the Elven Halls
 56498 | Elf:3    | Got a heavily runed emerald amulet
 56500 | Elf:3    | Identified the amulet "Rutosu" {rC+ Regen+ Str+2} (You found it on level 3 of the Elven Halls)
 56661 | Elf:3    | Received a gift from Trog
 56810 | Elf:3    | Received a gift from Trog
 56817 | Elf:3    | Noticed a Tzitzimitl
 56819 | Elf:3    | Gained mutation: You are occasionally teleported next to monsters. [a cacodemon]
 56824 | Elf:3    | Noticed a Tzitzimitl
 57018 | Orc:2    | Upgraded the game from 0.19-a0-36-g4a0968a to 0.19-a0-53-ge6e6435
 58459 | Elf:3    | Reached XP level 20. HP: 117/161 MP: 9/27
 58889 | D:6      | Bought the cursed ring of Fallacy {+Blink rC- rN+++ Str-3 Dex-5} for 210 gold pieces
 59152 | Lair:6   | Upgraded the game from 0.19-a0-53-ge6e6435 to 0.19-a0-55-g7e720b0
 59536 | Elf:3    | Noticed a Tzitzimitl
 59758 | Elf:3    | Got a wavering jade ring
 59777 | Elf:3    | Identified the ring "Biffysim" {Ice -Tele MR+ Slay+4 Stlth+} (You took it off a deep elf high priest on level 3 of the Elven Halls)
 61159 | Slime:4  | Received a gift from Trog
 61454 | Slime:4  | Received a gift from Trog
 61540 | Lair:8   | Upgraded the game from 0.19-a0-55-g7e720b0 to 0.19-a0-147-g6f47703
 61816 | Slime:3  | Received a gift from Trog
 62067 | Slime:3  | Received a gift from Trog
 62286 | Slime:2  | Received a gift from Trog
 63011 | Slime:4  | Gained mutation: You expend magic power (3 MP) to strengthen your wands. [a shining eye]
 63249 | Lair:8   | Lost mutation: Scrolls take you a little longer to read. [evolution]
 64786 | Slime:5  | Gained mutation: You tend to lose your temper in combat. [a shining eye]
 65353 | Slime:6  | Entered Level 6 of the Pits of Slime
 65358 | Slime:6  | Received a gift from Trog
 65772 | Slime:6  | Noticed the Royal Jelly
 65811 | Slime:6  | HP: 12/244 [the Royal Jelly (7)]
 65816 | Slime:6  | Mangled by the Royal Jelly

Vault maps used:
D:1:      dpeg_arrival_stone_temple_mockup, st_stairs_8,
          minmay_misc_feat_diagonals
D:2:      lemuel_round_altar, grunt_ministairs_1
D:3:      lemuel_round_altar, nemelex_deck, marbit_many_paths, minmay_quantized
D:4:      yredelemnul_forgotten_temple_becter, old_standard_altar, serial_shops,
          kennysheep_mini_moat, uniq_pikel, uniq_edmund
D:5:      elyvilon_altar_4, first_bread, nicolae_dithmenos_shadow_blocks
D:6:      temple_hall_moat, serial_shops, kennysheep_little_box, glass_columns_a
D:8:      vehumet_crystals, serial_glass, glass_columns_b, glass_columns_a,
          hangedman_ranch
D:9:      david_orc_1_choice
D:10:     david_lair_generic
D:12:     lemuel_hellish_altar, uniq_psyche
D:13:     serial_shops, shop, nicolae_shop_behind_doors, uniq_maurice
D:14:     david_vaults_1, nicolae_wwwww, st_stairs_13
D:15:     gammafunk_enter_depths_forms, serial_bayou_shore_a
Lair:1:   fungi_pond_lemuel, grunt_megastairs_4
Lair:2:   hangedman_lair_generics_rect
Lair:3:   spider_nest_entry_webs, infiniplex_staircase_pool
Lair:4:   minmay_swamp_entry_worms
Lair:5:   lab_entry_generic
Lair:6:   onia_ninara_swampy_vault, uniq_maud
Lair:7:   st_stairs_11
Lair:8:   grunt_lair_end_beastmaster, nicolae_slime_entry_slimehenge,
          infiniplex_staircase_pool_2, lemuel_fruit_tree
Swamp:1:  evilmike_swamp_ruin_rubble_1
Swamp:2:  nicolae_swamp_very_dense_foliage
Swamp:3:  evilmike_swamp_ruin_house_1
Swamp:4:  swamp_pestilence, portal_ice_cave_entry_pillars_01, swamp_pool3,
          ldierk_geyser
Spider:1: uniq_rupert, uniq_roxanne
Spider:2: lemuel_spider_zombies, spider_trap, nicolae_spider_stair_cavern
Spider:3: nicolae_spider_circle_web
Spider:4: grunt_spider_rune_island, spiders_nest_ghost_moth_duel
Slime:2:  nicolae_slime_phagocytosis
Slime:5:  cheibrodos_slime_lost_civilization_7
Orc:1:    minmay_goldmine, elves_outpost_lemuel
Orc:2:    grunt_orc_community_town_hall, grunt_orc_community_big_house_1,
          grunt_orc_community_big_house_1, grunt_orc_community_house_1,
          grunt_orc_community_house_3, grunt_orc_community_house_1,
          grunt_orc_community_house_3, grunt_orc_community_house_1,
          minmay_orc_barracks, uniq_nessos, uniq_josephine, uniq_azrael
Elf:1:    minmay_elf_arrival_circle, minmay_elf_necromancy, corner_web_ring,
          nicolae_elf_glass_and_crystal_pillar_1
Elf:2:    lemuel_flamethrower_2
Elf:3:    grunt_elf_hall_diamonds
Lab:      labyrinth_mini_lab
IceCv:    ice_cave_small_demon

Skill      XL: |  1  2  3  4  5  6  7  8  9 10 11 12 13 14 15 16 17 18 19 20 |
---------------+-------------------------------------------------------------+-----
Armour         | 3 5 6 8 10 11 12 13 14 15 16 | 16.2
Dodging        | 3 4 5 7 9 10 11 12 13 14 15 16 | 16.2
Evocations     | 2 3 4 5 6 7 9 11 13 14 15 16 | 16.0
Throwing       | 4 5 7 8 10 11 12 13 14 15 16 | 16.9
Fighting       | 4 5 6 8 9 10 11 13 14 15 16 | 16.4
Maces & Flails | 5 6 8 9 11 12 14 | 14.0
Shields        | 4 5 |  5.0
Staves         | 3 10 11 12 14 | 14.2
Stealth        | |  0.5

Action                   |  1- 3 |  4- 6 |  7- 9 | 10-12 | 13-15 | 16-18 | 19-21 || total
-------------------------+-------+-------+-------+-------+-------+-------+-------++-------
Melee: Mace              |    73 |    75 |    23 |       |       |       |       ||   171
       Headbutt          |     6 |    15 |    55 |   104 |   385 |   421 |   272 ||  1258
       Whip              |       |       |   155 |   284 |   706 |   166 |       ||  1311
       Kick              |       |       |       |   127 |   571 |    94 |       ||   792
       Dire flail        |       |       |       |    43 |       |       |       ||    43
       Lajatang          |       |       |       |     4 |       |       |       ||     4
       Quarterstaff      |       |       |       |       |   276 |   139 |   428 ||   843
       Great mace        |       |       |       |       |       |   852 |   370 ||  1222
       Peck              |       |       |       |       |       |       |   230 ||   230
 Fire: Blowgun           |       |       |       |     4 |       |       |       ||     4
Throw: Tomahawk          |       |     1 |    69 |    85 |   182 |   256 |   103 ||   696
       Javelin           |       |       |     4 |   108 |   171 |   133 |    52 ||   468
Invok: Berserk           |     2 |     2 |     3 |     6 |     7 |     6 |     4 ||    30
       Trog's Hand       |       |     1 |     7 |     7 |    11 |    23 |    16 ||    65
       Burn Spellbooks   |       |       |     3 |     1 |     1 |     7 |     4 ||    16
 Abil: Evoke Blink       |       |       |       |       |       |       |    10 ||    10
Evoke: Deck              |       |     1 |     2 |     1 |     3 |     3 |     3 ||    13
       Wand              |       |       |     1 |    49 |    25 |    47 |    41 ||   163
       Phial of floods   |       |       |       |       |       |       |     4 ||     4
       Rod               |       |       |       |       |       |       |     2 ||     2
       Sack of spiders   |       |       |       |       |       |       |     2 ||     2
       Stone of tremors  |       |       |       |       |       |       |     1 ||     1
  Use: Scroll            |     4 |     3 |    10 |    20 |     7 |    17 |     9 ||    70
       Potion            |       |     1 |       |       |     2 |    16 |    16 ||    35
 Stab: Distracted        |       |       |       |     4 |    11 |     1 |       ||    16
       Sleeping          |       |       |       |     1 |     3 |     1 |       ||     5
       Petrifying        |       |       |       |       |     3 |       |       ||     3
       Petrified         |       |       |       |       |     2 |       |       ||     2
       Confused          |       |       |       |       |       |     5 |       ||     5
       Paralysed         |       |       |       |       |       |     3 |       ||     3
  Eat: Chunk             |     4 |     7 |     6 |    16 |    26 |    14 |    14 ||    87
       Bread ration      |       |       |     3 |     2 |     3 |     4 |     5 ||    17
       Fruit             |       |       |       |    11 |    10 |     1 |     5 ||    27
       Pizza             |       |       |       |     3 |     1 |     2 |       ||     6
       Meat ration       |       |       |       |     1 |     1 |     9 |     1 ||    12
Armor: Leather armour    |    24 |     8 |       |       |       |       |       ||    32
       Ring mail         |       |    14 |    11 |    23 |   101 |    79 |       ||   228
       Scale mail        |       |       |    21 |    32 |       |       |       ||    53
       Chain mail        |       |       |       |       |       |   283 |   129 ||   412
       Plate armour      |       |       |       |       |       |       |   169 ||   169
Dodge: Dodged            |    45 |    48 |    74 |   165 |   497 |  1135 |   737 ||  2701
Block: Buckler           |       |       |     4 |    33 |   110 |    42 |       ||   189
